 Dungeon Crawl Stone Soup version 0.28.0-53-g5a82cb258f (webtiles) character file.

Game seed: 5209172193580291586

49 DildoBatman the Conjurer (level 4, -3/28 (32) HPs)
             Began as a Formicid Conjurer on July 4, 2022.
             Frozen to death by an endoplasm (5 damage)
             ... on level 2 of the Dungeon.
             The game lasted 00:03:29 (1105 turns).

DildoBatman the Conjurer (Formicid Conjurer)        Turns: 1105, Time: 00:03:29

HP:   -3/28 (32)    AC:  2    Str: 12    XL:     4   Next: 2%
MP:   5/7           EV: 12    Int: 17    God:
Gold: 54            SH:  0    Dex: 11    Spells: 5/8 levels left

rFire   . . .      SeeInvis +   a - +0 falchion
rCold   . . .      Faith    .   (no shield)
rNeg    . . .      Spirit   .   g - +0 robe
rPois   .          Reflect  .   (helmet unavailable)
rElec   .          Harm     .   (no cloak)
rCorr   .          Rampage  .   (no gloves)
Will    .....                   (no boots)
Stlth   ++........              (no amulet)
HPRegen 0.09/turn               (no ring)
MPRegen 0.10/turn               (no ring)

@: lethally poisoned (-3 -> -14), heavily drained
A: permanent stasis, dig shafts and tunnels, antennae 3, four strong arms
a: Dig, Shaft Self


You were on level 2 of the Dungeon.
You visited 1 branch of the dungeon, and saw 2 of its levels.

You collected 54 gold pieces.

Inventory:

Hand Weapons
 a - a +0 falchion (weapon)
Missiles
 d - 42 arrows
 f - 19 stones
Armour
 g - a +0 robe (worn)
Scrolls
 c - 2 scrolls of identify {unknown}
Potions
 e - a potion of magic {unknown}


   Skills:
 * Level 1.0 Fighting
 * Level 1.0 Armour
 - Level 1.7 Dodging
 - Level 2.4 Stealth
 * Level 2.5 Spellcasting
 * Level 4.4 Conjurations


You had 5 spell levels left.
You knew the following spells:

 Your Spells              Type           Power      Damage    Failure   Level
a - Searing Ray           Conj           34%        2d5       4%          2
c - Magic Dart            Conj           68%        1d6       3%          1

Your spell library contained the following spells:

 Spells                   Type           Power      Damage    Failure   Level
 Dazzling Flash           Conj/Hex       18%        N/A       22%         3
 Fulminant Prism          Conj/Hex       4%         3d6       58%         4
 Iskenderun's Mystic Bla  Conj/Tloc      9%         2d4       58%         4


Dungeon Overview and Level Annotations

Branches:
Dungeon (2/15)

Altars:

Shops:
D:1 *   D:2 [

Annotations:
D:2 Natasha


Innate Abilities, Weirdness & Mutations

You cannot be hasted, slowed, berserked, paralysed or teleported.
You can dig through walls and to a lower floor.
You have a pair of large antennae on your head. (SInv)
Your four strong arms can wield two-handed weapons with a shield.


Message History

The adder bites you.
You are poisoned.
The adder poisons you! What are your orders? t - Shout!
Orders for allies: a - Attack new target. r - Retreat! s - Stop attacking. g - Guard the area. f - Follow me.
Anything else - Cancel.
You shout for attention!
You feel sick. The adder bites you.
You are more poisoned.
The adder poisons you!
The endoplasm hits you but does no damage.
What are your orders? t - Shout!
Orders for allies: a - Attack new target. r - Retreat! s - Stop attacking. g - Guard the area. f - Follow me.
Anything else - Cancel.
You shout for attention!
You feel sick. The adder bites you.
You are lethally poisoned!
The adder poisons you! The endoplasm freezes you.
You are frozen.
What are your orders? t - Shout!
Orders for allies: a - Attack new target. r - Retreat! s - Stop attacking. g - Guard the area. f - Follow me.
Anything else - Cancel.
You shout for attention!
You feel very sick. The adder bites you. The endoplasm freezes you.
You are frozen.
You die...

#.# #........#
#.. #.#
#........# #..
#.# #........
#.. #.##
######### ###
#†.#########
#)#.#......#
#.##......?#
#+###JS....###
#.@.∩.....
#......###
###.#### .# ##


You could see an adder and an endoplasm.

Vanquished Creatures
  An adder (D:2)
  An orc (D:2)
  3 endoplasms (D:1)
  2 giant cockroaches
  7 goblins
  2 hobgoblins (D:1)
  2 kobolds (D:2)
  2 quokkas
  2 ball pythons
  3 bats
  5 frilled lizards
  9 rats
39 creatures vanquished.

Notes
Turn   | Place    | Note
-------+----------+-------------------------------------------
     0 | D:1      | DildoBatman the Formicid Conjurer began the quest for the
                  | Orb.
     0 | D:1      | Reached XP level 1. HP: 13/13 MP: 3/3
   189 | D:1      | Reached skill level 4 in Conjurations
   189 | D:1      | Reached XP level 2. HP: 12/19 MP: 0/5
   192 | D:1      | Learned a level 2 spell: Searing Ray
   433 | D:1      | Found Giavuusi's General Store.
   474 | D:1      | Reached XP level 3. HP: 19/24 MP: 3/6
   627 | D:1      | Found a faded altar of an unknown god.
   940 | D:2      | Reached skill level 1 in Fighting
   964 | D:2      | Reached skill level 1 in Armour
   980 | D:2      | Noticed Natasha
  1093 | D:2      | Reached XP level 4. HP: 32/32 MP: 4/7
  1095 | D:2      | Found Titar's Antique Armour Shoppe.
  1105 | D:2      | Frozen to death by an endoplasm

Illustrated notes

Levels and vault maps discovered:
D:1:      mainiacjoe_arrival_reflecting_pool, layout_basic, serial_shops, shop,
          ebering_ecumenical_altar_abandoned
D:2:      layout_basic, serial_shops, shop, uniq_natasha

Skill      XL: |  1  2  3 |
---------------+----------+-----
Conjurations   | 4 |  4.4
Fighting       | 1 |  1.0
Armour         | 1 |  1.0
Dodging        | |  1.7
Stealth        | |  2.4
Spellcasting   | |  2.5

Action                   |  1- 3 |  4- 6 || total
-------------------------+-------+-------++-------
Melee: Dagger            |    39 |       ||    39
       Punch             |     1 |       ||     1
       Falchion          |    12 |       ||    12
 Cast: Magic Dart        |    27 |       ||    27
       Searing Ray       |     8 |       ||     8
 Abil: Dig               |       |     1 ||     1
 Stab: Sleeping          |     1 |       ||     1
Armor: Robe              |     5 |     3 ||     8
Dodge: Dodged            |    52 |     7 ||    59
